 Dungeon Crawl Stone Soup version 0.17.1-3-g152610e (webtiles) character file.

100 Shotgun the Ruffian (level 4, -1/37 HPs)
             Began as a Draconian Transmuter on Apr 20, 2016.
             Was a Follower of Cheibriados.
             Slain by DEFE's ghost (8 damage)
             ... on level 3 of the Dungeon.
             The game lasted 00:10:03 (4049 turns).

Shotgun the Ruffian (Draconian Transmuter)          Turns: 4049, Time: 00:10:04

Health: -1/37      AC:  5    Str: 16    XL:     4   Next: 46%
Magic:  7/7        EV: 13    Int: 16    God:    Cheibriados [*.....]
Gold:   100        SH:  0    Dex: 15    Spells: 1 memorised, 6 levels left

rFire  . . .     SeeInvis .       - Unarmed
rCold  . . .     Clarity  .     (armour unavailable)
rNeg   . . .     SustAt   .     (no shield)
rPois  .         Gourm    .     (helmet restricted)
rElec  .         Spirit   .     (no cloak)
rCorr  .         Warding  .     (no gloves)
rMut   .         Stasis   .     (no boots)
MR     .....                    (no amulet)
Stlth  +.........               (no ring)
                                (no ring)

@: very slow, not resistant to hostile enchantments, very unstealthy
A: unfitting armour, cold-blooded, AC +5
a: Bend Time, Renounce Religion


You were on level 3 of the Dungeon.
You worshipped Cheibriados.
Cheibriados was aware of your devotion.
You were not hungry.

You visited 1 branch of the dungeon, and saw 3 of its levels.

You collected 100 gold pieces.

Inventory:

Missiles
 a - 12 arrows
Scrolls
 d - 4 scrolls of identify {unknown}
 e - a scroll of remove curse {unknown}
 h - a scroll of blinking {unknown}
 j - a scroll of teleportation {unknown}
 l - a scroll of fear {unknown}
 m - a scroll of recharging {unknown}
 n - a scroll of amnesia {unknown}
 o - a scroll of immolation {unknown}
 p - a scroll of enchant weapon {unknown}
 q - a scroll of enchant armour {unknown}
 r - a scroll of fog {unknown}
Potions
 g - a potion of agility {unknown}
 i - a potion of haste {unknown}
 k - a potion of poison {unknown}
Books
 b - a book of Changes

   Spells                             Type                      Level
   a - Beastly Appendage              Transmutation                1
   b - Sticks to Snakes               Transmutation                2
   c - Spider Form                    Transmutation/Poison         3
   d - Ice Form                       Ice/Transmutation            4
   e - Blade Hands                    Transmutation                5
Comestibles
 c - 2 bread rations
 f - 3 fruits


   Skills:
 * Level 2.4 Fighting
 + Level 2.5 Dodging
 + Level 3.5 Unarmed Combat
 - Level 2.0 Spellcasting
 * Level 3.2 Transmutations


You had 6 spell levels left.
You knew the following spells:

 Your Spells              Type           Power        Failure   Level  Hunger
a - Beastly Appendage     Trmt           ##....       8%          1    #......


Dungeon Overview and Level Annotations

Branches:
Dungeon (3/15)

Altars:
Cheibriados

Annotations:
D:3 DEFE's ghost, weakling DEFi


Innate Abilities, Weirdness & Mutations

Your plain brown scales are hard (AC +5).
Your body does not fit into most forms of armour.
You are cold-blooded and may be slowed by cold attacks.


Message History

DEFE's ghost is heavily damaged.
You hit DEFE's ghost but do no damage.
DEFE's ghost is heavily damaged.
DEFE's ghost hits you.
You barely miss DEFE's ghost.
DEFE's ghost is heavily damaged.
DEFE's ghost hits you but does no damage.
An adder comes into view.
You hit DEFE's ghost but do no damage.
DEFE's ghost is heavily damaged.
DEFE's ghost barely misses you.
You hit DEFE's ghost but do no damage.
DEFE's ghost is heavily damaged.
DEFE's ghost hits you!
* * * LOW HITPOINT WARNING * * *
You barely miss DEFE's ghost.
DEFE's ghost is heavily damaged.
DEFE's ghost barely misses you. DEFE's ghost hits you!
You die...

# #. ##.#######
........
#...#####..#
#.@...S....#
##..W.#####.#
##.....## #.#
##.......# #.#
#.........# #.#
#.##......##
#.#♣♣♣ #.
##...#.)# #..)(♣
#
######.###.#♣.♣♣
##....#♣..♣♣♣


You could see DEFE's ghost and an adder.

Vanquished Creatures
  2 adders (D:2)
  2 oozes
  2 worms (D:2)
  2 giant geckos
  An orc (D:1)
  4 ball pythons
  6 bats
  2 giant cockroaches
  6 hobgoblins
  7 jackals
  4 kobolds
  2 quokkas
  5 giant newts
  11 goblins
  7 rats
63 creatures vanquished.

Notes
Turn   | Place    | Note
--------------------------------------------------------------
     0 | D:1      | Shotgun the Draconian Transmuter began the quest for the Orb.
     0 | D:1      | Reached XP level 1. HP: 16/16 MP: 3/3
   221 | D:1      | Reached XP level 2. HP: 21/23 MP: 5/5
  1467 | D:1      | Reached XP level 3. HP: 27/29 MP: 6/6
  1884 | D:2      | Found a snail-covered altar of Cheibriados.
  1897 | D:2      | Became a worshipper of Cheibriados the Contemplative
  2992 | D:2      | Reached XP level 4. HP: 28/37 MP: 7/7
  3181 | D:2      | Reached * piety under Cheibriados
  4028 | D:3      | Noticed DEFE's ghost (weakling DEFi)
  4049 | D:3      | Slain by DEFE's ghost

Action                   |  1- 3 |  4- 6 || total
-------------------------+-------+-------++-------
Melee: Unarmed           |   185 |    92 ||   277
 Stab: Sleeping          |     1 |       ||     1
  Eat: Bread ration      |     2 |       ||     2
